 Dungeon Crawl Stone Soup version 0.30-a0-913-g9934a0ce24 (webtiles) character file.

Game seed: 15317745515635174875

7375 bobarctor the Thaumaturge (level 10, -2/105 HPs)
             Began as a Demonspawn Venom Mage on Mar 20, 2023.
             Was a Follower of Kikubaaqudgha.
             Slain by a cane toad (4 damage)
             ... on level 1 of the Lair of Beasts.
             The game lasted 00:53:32 (9242 turns).

bobarctor the Thaumaturge (Demonspawn Venom Mage)   Turns: 9242, Time: 00:53:33

Health: -2/105     AC:  7    Str: 20    XL:     10   Next: 91%
Magic:  22/22      EV: 18    Int: 20    God:    Kikubaaqudgha [*.....]
Gold:   1457       SH:  0    Dex: 14    Spells: 4/25 levels left

rFire   . . .      SeeInvis .    r - +6 dagger of the Incandescent {venom, Fragile Str+5}
rCold   . . .      Faith    .    (no shield)
rNeg    . . .      Spirit   .    u - +1 steam dragon scales
rPois   .          Reflect  .    F - +0 helmet
rElec   .          Rampage  .    (cloak unavailable)
rCorr   .                        (no gloves)
Will    .....                    (no boots) Stlth
                                 (no amulet)
HPRegen 0.37/turn                n - +5 ring of evasion
MPRegen 0.18/turn                g - +6 ring of strength

@: berserking, lethally poisoned (-2 -> -17), very quick
A: ignite blood 1, powered by pain 1, weakness stinger 3, demonic touch 2
a: Renounce Religion, Unearth Wretches


You were on level 1 of the Lair of Beasts.
You worshipped Kikubaaqudgha.
Kikubaaqudgha was aware of your devotion.
You visited 3 branches of the dungeon, and saw 10 of its levels.
You also visited: Sewer.

You collected 1457 gold pieces.

Inventory:

Hand Weapons
 r - the +6 dagger of the Incandescent (weapon) {venom, Fragile Str+5}
   (You found it on level 2 of the Dungeon)

   Str:       It affects your strength (+5).
   Fragile:   It will be destroyed if unequipped.
Missiles
 w - 17 poisoned darts
 A - 8 boomerangs
 B - 4 throwing nets
Armour
 u - +1 steam dragon scales (worn)
 F - a +0 helmet (worn)
Magical Staves
 G - a staff of poison
Jewellery
 g - a +6 ring of strength (right hand)
 i - a ring of ice
 n - a +5 ring of evasion (left hand)
 v - a ring of flight
Wands
 f - a wand of roots (12)
 j - a wand of acid (11)
 l - a wand of charming (17)
 x - a wand of flame (38)
Scrolls
 a - a scroll of blinking
 c - 8 scrolls of teleportation
 d - 4 scrolls of magic mapping
 e - 3 scrolls of identify
 D - 2 scrolls of fear
Potions
 b - 2 potions of magic
 h - a potion of resistance
 k - 3 potions of curing
 o - 3 potions of haste
 q - a potion of lignification
 t - 5 potions of heal wounds
 E - a potion of brilliance


   Skills:
 + Level 3.4 Fighting
 + Level 5.2 Short Blades
 * Level 1.6 Armour
 + Level 4.4 Dodging
 + Level 5.4 Stealth
 * Level 8.3 Spellcasting
 + Level 3.5 Conjurations
 + Level 0.3 Hexes
 + Level 0.7 Summonings
 * Level 4.3 Necromancy
 * Level 2.4 Translocations
 + Level 1.1 Transmutations
 + Level 4.1 Air Magic
 + Level 6.8 Poison Magic


You had 4 spell levels left.
You knew the following spells:

 Your Spells              Type           Power      Damage    Failure   Level
a - Sting                 Tmut/Pois      96%        1d7       1%          1
b - Poisonous Vapours     Pois/Air       60%        N/A       1%          2
c - Mephitic Cloud        Conj/Pois/Air  27%        N/A       3%          3
d - Magic Dart            Conj           88%        1d7       1%          1
e - Summon Guardian Gole  Hex/Summ       10%        N/A       21%         3
f - Spider Form           Tmut/Pois      24%        N/A       4%          3
g - Wereblood             Tmut           13%        N/A       8%          2
h - Olgreb's Toxic Radia  Pois           35%        N/A       4%          4
i - Blink                 Tloc           36%        N/A       4%          2

Your spell library contained the following spells:

 Spells                   Type           Power      Damage    Failure   Level
 Necrotise                Necr           100%       1d9       1%          1
 Cigotuvi's Dreadful Rot  Necr/Pois/Air  56%        N/A       1%          2
 Sublimation of Blood     Necr           25%        N/A       1%          2
 Momentum Strike          Conj/Tloc      40%        3d9       3%          2
 Searing Ray              Conj           44%        2d6       3%          2
 Beastly Appendage        Tmut           26%        N/A       4%          1
 Lesser Beckoning         Tloc           36%        N/A       4%          2
 Kindle Blastsparks       Fire/Tloc/Air  34%        2d12      10%         3
 Hailstorm                Conj/Ice       15%        3d5       12%         3
 Airstrike                Air            12%        2d(2-18)  14%         4
 Animate Dead             Necr           25%        N/A       14%         4
 Fulminant Prism          Conj/Hex       8%         3d7       36%         4
 Silence                  Hex/Air        8%         N/A       65%         5
 Conjure Ball Lightning   Conj/Air       11%        3x3d6     95%         6
 Iron Shot                Conj/Erth      7%         9d2       99%         6
 Orb of Destruction       Conj           11%        9d6       100%        7
 Spellforged Servitor     Conj/Summ      8%         N/A       100%        7
 Discord                  Hex            4%         N/A       100%        8
 Disjunction              Tloc           9%         N/A       100%        8


Dungeon Overview and Level Annotations

Branches:
Dungeon (8/15)             Temple (1/1) D:7            Lair (1/5) D:8
  Sewer (visited)

Altars:
Cheibriados
Dithmenos
Fedhas
Gozag
Hepliaklqana
Kikubaaqudgha
Makhleb
Nemelex Xobeh
Okawaru
Ru
Sif Muna
Trog
Uskayaw
Vehumet
Wu Jian
Xom


Innate Abilities, Weirdness & Mutations

Your demonic aura sometimes causes spilled blood to erupt in flames.
You sometimes gain a little power by taking damage.
You have a sharp stinger which inflicts weakening toxins.
Your touch may inflict irresistible damage on your foes.


Message History

You touch the cane toad!
The cane toad is moderately wounded.
The cane toad misses you.
You barely miss the cane toad.
The cane toad is moderately wounded.
The cane toad stings you!!
You are poisoned.
The cane toad poisons you!
You hit the cane toad.
The cane toad is moderately wounded.
You feel very sick. The cane toad misses you.
You hit the cane toad. Your touch misses the cane toad.
The cane toad is moderately wounded.
You feel sick. The cane toad closely misses you.
You hit the cane toad but do no damage.
The cane toad is moderately wounded.
You feel sick. The cane toad stings you!
You are lethally poisoned!
The cane toad poisons you!
* * * LOW HITPOINT WARNING * * *
You feel extremely sick.
A red film seems to cover your vision as you go berserk!
You feel yourself moving faster!
You feel mighty!
* * * LOW HITPOINT WARNING * * *
You feel very sick. The cane toad misses you.
You puncture the cane toad!
The cane toad is poisoned.
Your tail-slap misses the cane toad.
The cane toad is heavily wounded.
You feel very sick. The cane toad stings you!!
* * * LOW HITPOINT WARNING * * *
You focus on the pain.
You feel your power returning.
You closely miss the cane toad.
The cane toad is heavily wounded.
* * * LOW HITPOINT WARNING * * *
You feel sick. The cane toad stings you.
You die...
Kikubaaqudgha rasps: "You have failed me!
Welcome... death!"

...†.....................
.................).......
.........................
##.................#####
#.......##....#....#
.#>....###.#.##....# ..
.+...........##....# ....
......##....##..○.#.....
... #°@........?
#..F.#...... #....#......
#....# ##+.. ....... .
......... .(.!........
.............
..............


You could see a cane toad (very poisoned).

Vanquished Creatures
  Pikel (D:6)
  A rime drake (D:8)
  A cane toad (Lair:1)
  A komodo dragon (Lair:1)
  2 wyverns (Lair:1)
  3 yaks (Lair:1)
  2 basilisks (Lair:1)
  4 steam dragons
  Edmund (D:4)
  A water moccasin (Lair:1)
  6 ice beasts
  3 sky beasts
  2 black bears
  An orc warrior (D:6)
  An ogre (D:6)
  8 wolves
  A centaur (D:8)
  A phantom (D:6)
  2 kobold brigands (D:7)
  6 bullfrogs
  A wight (D:8)
  6 killer bees (D:8)
  An electric eel (D:8)
  4 hounds
  A jelly (D:7)
  7 orc priests
  Natasha (thrice) (D:3)
  5 iguanas (D:5)
  11 orc wizards
  12 adders
  8 gnolls
  8 river rats
  3 white imps
  An ufetubus (D:5)
  3 worms
  A dart slug (D:3)
  28 orcs
  20 ball pythons
  3 bats (D:2)
  9 endoplasms
  A giant cockroach (D:2)
  7 goblins
  4 hobgoblins
  8 jackals
  12 kobolds
  A quokka (D:1)
  5 frilled lizards (Sewer)
  32 rats
253 creatures vanquished.

Vanquished Creatures (others)
  A black bear (D:8)
  An ice beast (D:8)
  2 wights (D:8)
  3 fungi (Lair:1)
  A plant (Lair:1)
8 creatures vanquished.

Grand Total: 261 creatures vanquished

Notes
Turn   | Place    | Note
-------+----------+-------------------------------------------
     0 | D:1      | bobarctor the Demonspawn Venom Mage began the quest for the
                  | Orb.
     0 | D:1      | Reached XP level 1. HP: 13/13 MP: 3/3
   156 | D:1      | Discovered your monstrous ancestry.
   156 | D:1      | Gained mutation: Your touch may inflict minor irresistible
                  | damage on your foes. [demonic ancestry]
   156 | D:1      | Reached XP level 2. HP: 10/19 MP: 1/5
   315 | D:1      | Learned a level 2 spell: Poisonous Vapours
   565 | D:1      | Found a faded altar of an unknown god.
   724 | D:1      | Reached skill level 1 in Transmutations
   859 | D:2      | Gained mutation: You have a small tail. [demonic ancestry]
   859 | D:2      | Reached XP level 3. HP: 24/24 MP: 3/6
   905 | D:2      | Learned a level 3 spell: Mephitic Cloud
  1656 | D:2      | Identified the +6 dagger of the Incandescent {venom,
                  | Fragile Str+5}
  2226 | D:3      | Gained mutation: Your demonic aura sometimes causes spilled
                  | blood to erupt in flames. [demonic ancestry]
  2226 | D:3      | Reached XP level 4. HP: 23/30 MP: 8/8
  2317 | D:3      | Reached skill level 3 in Spellcasting
  2357 | D:3      | Noticed Natasha
  2363 | D:3      | Killed Natasha
  2366 | D:3      | Noticed Natasha
  2373 | D:3      | Killed Natasha
  2402 | D:3      | Noticed Natasha
  2411 | D:3      | Killed Natasha
  2412 | D:3      | Reached XP level 5. HP: 31/35 MP: 3/9
  2840 | D:3      | Learned a level 1 spell: Magic Dart
  2912 | D:4      | Noticed a steam dragon
  2923 | D:4      | Killed a steam dragon
  2924 | D:4      | Reached skill level 1 in Conjurations
  2924 | D:4      | Reached skill level 1 in Air Magic
  2924 | D:4      | Gained mutation: You have a tail ending in a sharp stinger.
                  | [demonic ancestry]
  2924 | D:4      | Reached XP level 6. HP: 22/41 MP: 8/11
  2973 | D:4      | Reached skill level 1 in Short Blades
  3321 | D:4      | Noticed Edmund
  3350 | D:4      | Killed Edmund
  3644 | D:5      | Entered Level 5 of the Dungeon
  3716 | D:5      | Gained mutation: You have a sharp stinger which inflicts
                  | weakening toxins. [demonic ancestry]
  3716 | D:5      | Reached XP level 7. HP: 38/47 MP: 12/12
  3731 | D:5      | Reached skill level 1 in Fighting
  3847 | D:5      | Learned a level 3 spell: Summon Guardian Golem
  3858 | D:5      | Reached skill level 4 in Spellcasting
  4113 | D:5      | Found an opulent altar of Gozag.
  4139 | D:5      | Gained mutation: Your touch may inflict irresistible damage
                  | on your foes. [demonic ancestry]
  4139 | D:5      | Reached XP level 8. HP: 54/54 MP: 10/14
  4295 | D:5      | Learned a level 3 spell: Spider Form
  4298 | D:5      | Learned a level 2 spell: Wereblood
  4739 | D:6      | Identified 2 scrolls of acquirement
  4739 | D:6      | Acquired the Quarto of Nephomancy and the Fifth Circle
  4875 | D:6      | Noticed Pikel
  4902 | D:6      | Killed Pikel
  4903 | D:6      | Reached skill level 5 in Spellcasting
  4903 | D:6      | Reached skill level 5 in Poison Magic
  5055 | D:6      | Found a glowing drain.
  5063 | Sewer    | Entered a sewer
  5446 | Sewer    | Gained mutation: You sometimes gain a little power by
                  | taking damage. [demonic ancestry]
  5446 | Sewer    | Reached XP level 9. HP: 61/61 MP: 12/17
  6052 | D:6      | Reached skill level 6 in Spellcasting
  6783 | D:7      | Acquired 1036 gold pieces
  6879 | D:7      | Learned a level 4 spell: Olgreb's Toxic Radiance
  6988 | D:7      | Found a hide-covered altar of Uskayaw.
  7200 | D:7      | Found a staircase to the Ecumenical Temple.
  7206 | Temple   | Entered the Ecumenical Temple
  7227 | Temple   | Became a worshipper of Kikubaaqudgha
  7277 | D:7      | Identified the +1 leather armour "Dunenen" {rPois rF++
                  | SInv}
  7561 | D:8      | Found a bloodstained altar of Trog.
  7609 | D:8      | Reached skill level 1 in Necromancy
  7620 | D:7      | Reached skill level 7 in Spellcasting
  7808 | D:8      | Noticed a rime drake
  7824 | D:8      | Killed a rime drake
  7825 | D:8      | Reached XP level 10. HP: 62/69 MP: 14/20
  7896 | D:8      | Reached skill level 5 in Short Blades
  8085 | D:8      | Learned a level 2 spell: Blink
  8164 | D:8      | Found a staircase to the Lair.
  8227 | D:8      | Reached * piety under Kikubaaqudgha
  8227 | D:8      | Received a gift from Kikubaaqudgha
  8297 | D:8      | Identified the +4 ring mail of Vaggoam {rPois Str+3}
  8341 | D:8      | Reached skill level 1 in Translocations
  8688 | D:8      | Found a burning altar of Makhleb.
  8689 | D:8      | Found a blossoming altar of Fedhas.
  8691 | D:8      | Found a snail-covered altar of Cheibriados.
  8695 | D:8      | Found an iron altar of Okawaru.
  8744 | Lair:1   | Entered Level 1 of the Lair of Beasts
  8868 | Lair:1   | Noticed a cane toad
  8880 | Lair:1   | Reached skill level 5 in Stealth
  8882 | Lair:1   | Killed a cane toad
  8883 | Lair:1   | Reached skill level 8 in Spellcasting
  8889 | Lair:1   | Reached skill level 1 in Armour
  9226 | Lair:1   | Noticed a cane toad
  9241 | Lair:1   | HP: 4/105 [cane toad (19)]
  9242 | Lair:1   | Slain by a cane toad

Illustrated notes

Levels and vault maps discovered:
D:1:      minmay_arrival_five_plusses, layout_basic,
          hellmonk_ecumenical_altar_blasted, kennysheep_decorative_pillar
D:2:      layout_basic, basic_altar, minmay_pentomino_u2
D:3:      wad_crossroads, layout_basic, hex_large,
          chequers_serial_rivers_micro_d, nicolae_underground_beach,
          uniq_natasha
D:4:      layout_basic, uniq_edmund
D:5:      layout_basic, nicolae_gozag_cash_rules_everything_around_me,
          minmay_chambers_of_fives
D:6:      layout_rooms, lightli_sewer_entry_pipes, uniq_pikel
D:7:      layout_loops_cross, nicolae_uskayaw_dance_studio,
          minmay_temple_entry_fiery
D:8:      layout_basic, bloody_trog, minitemple, hellmonk_lair_entry_icy,
          serial_corexii_hall, corexii_hall_statues_x, chequers_hall_statues_y,
          minivault_4
Temple:   hellmonk_temple_rainy
Lair:1:   dreamdust_labyrinth, layout_regular_city

Skill      XL: |  1  2  3  4  5  6  7  8  9 10 |
---------------+-------------------------------+-----
Stealth        | 2 3 4 5 |  5.4
Transmutations | 1 |  1.1
Spellcasting   | 3 4 5 7 8 |  8.3
Poison Magic   | 4 5 6 |  6.8
Dodging        | 2 3 4 |  4.4
Conjurations   | 1 2 3 |  3.5
Air Magic      | 1 2 3 4 |  4.1
Short Blades   | 1 2 3 4 5 |  5.2
Fighting       | 1 2 3 |  3.4
Necromancy     | 2 4 |  4.3
Translocations | 2 |  2.4
Armour         | 1 |  1.6
Hexes          | |  0.3
Summonings     | |  0.7

Action                     |  1- 3 |  4- 6 |  7- 9 | 10-12 || total
---------------------------+-------+-------+-------+-------++-------
  Melee: Dagger            |    24 |    81 |   300 |   122 ||   527
         Club              |     2 |       |       |       ||     2
         Whip              |    14 |       |       |       ||    14
         Touch             |     3 |     9 |    46 |    22 ||    80
         Tailslap          |     3 |    15 |    53 |     9 ||    80
         Punch             |       |       |     2 |     2 ||     4
   Cast: Sting             |    34 |     4 |    13 |    13 ||    64
         Poisonous Vapours |     2 |     8 |    47 |    12 ||    69
         Mephitic Cloud    |       |     5 |    25 |    13 ||    43
         Magic Dart        |       |     3 |    14 |     2 ||    19
         Olgreb's Toxic Ra |       |       |     2 |     1 ||     3
         Summon Guardian G |       |       |       |     6 ||     6
         Wereblood         |       |       |       |     1 ||     1
    Use: Scroll            |       |       |    18 |       ||    18
         Potion            |       |       |       |     1 ||     1
   Stab: Sleeping          |     7 |     5 |       |     1 ||    13
         Confused          |       |       |     9 |     2 ||    11
 Armour: Robe              |     3 |     3 |       |       ||     6
         Steam dragon scal |       |     5 |    40 |    23 ||    68
  Dodge: Dodged            |    19 |    58 |   227 |    75 ||   379

Table legend: (Time is in decaauts)
 A = Elapsed time spent in this place.
 B = Non-inter-level travel time spent in this place.
 C = Inter-level travel time spent in this place.
 D = Time resting spent in this place.
 E = Time spent auto-exploring this place.
 F = Levels seen in this place.
 G = Mean time per level.
                   A        B        C        D        E       F      G
               +--------+--------+--------+--------+--------+-----+--------+
         Total |   9157 |   8921 |    236 |   1943 |   5042 |  11 |  832.5 |
       Dungeon |   7707 |   7471 |    236 |   1354 |   4590 |   8 |  963.4 |
        Temple |     29 |     29 |      0 |      0 |      0 |   1 |   29.0 |
          Lair |    482 |    482 |      0 |    116 |    219 |   1 |  482.0 |
         Sewer |    938 |    938 |      0 |    473 |    233 |   1 |  938.0 |
               +--------+--------+--------+--------+--------+-----+--------+

Top non-repeatable levels by time:
     D:5: 1266 daAuts
     D:3: 1161 daAuts
     D:8: 1066 daAuts
     D:7: 963 daAuts
   Sewer: 938 daAuts
     D:2: 876 daAuts
     D:1: 843 daAuts
     D:6: 770 daAuts
     D:4: 758 daAuts
  Lair:1: 482 daAuts
  Temple: 29 daAuts
